Map: Ruby Rock LE

Players

Broformist

  • Race: Zerg Zerg
  • League: Diamond
  • Spawn Location: 11:00

HoldTheDoor - Winner!

  • Race: Protoss Protoss
  • League: Diamond
  • Spawn Location: 5:00

VOD

Have the link to the VOD?

Description

Time

  • Played on: May 25, 2026, 11:53 a.m.
  • Length: 6:03
Show
View Real Time Build Order
Export as new Build Order

Broformist Zerg 

Build Orders: Hatch First 

Get SALT Encoding   

  12  0:02  Drone  
  13  0:12  Overlord  
  13  0:16  Drone  
  14  0:30  Drone x2  
  16  0:47  Hatchery  
  15  0:51  Drone  
  15  0:54  Drone  
  17  0:58  Drone  
  18  1:09  Extractor  
  17  1:14  Spawning Pool  
  17  1:17  Drone  
  17  1:20  Drone  
  18  1:29  Drone  
  19  1:44  Overlord  
  19  2:02  Queen x2  
  19  2:05  Zergling x2  
  19  2:06  Zergling x2, Drone  
  26  2:11  Drone x2  
  28  2:17  Metabolic Boost  
  28  2:24  Drone x2  
  30  2:40  Hatchery  
  29  2:50  Drone x3  
  32  2:51  Drone  
  32  2:57  Overlord  
  33  2:59  Drone  
  34  3:07  Pneumatized Carapace  
  34  3:10  Drone x2  
  36  3:20  Drone x4  
  36  3:26  Spore Crawler, Drone x2  
  41  3:32  Queen  
  43  3:35  Drone  
  44  3:43  Overlord  
  44  3:48  Extractor, Drone  
  43  3:49  Extractor, Drone  
  43  3:52  Drone x2  
  46  3:56  Lair  
  46  3:57  Extractor  
  46  4:00  Roach Warren  
  46  4:01  Drone  
  45  4:03  Overlord  
  45  4:10  Queen  
  45  4:14  Drone x2  
  45  4:16  Drone  
  50  4:17  Drone  
  50  4:19  Drone  
  52  4:24  Drone  
  52  4:25  Drone  
  54  4:32  Evolution Chamber  
  54  4:36  Drone x2  
  54  4:37  Spore Crawler  
  54  4:40  Roach x3  
  54  4:42  Overlord  
  60  4:46  Overlord  
  60  4:49  Roach  
  62  4:55  Overlord  
  62  4:56  Overlord  
  62  5:05  Roach  
  62  5:15  Roach  
  62  5:16  Roach  
  62  5:17  Roach x3  
  62  5:19  Roach  
  74  5:22  Overlord  
  74  5:32  Overlord x3  
  74  5:39  Overseer  
  74  5:40  Roach  
  74  5:41  Roach x2  
Show
View Real Time Build Order
Export as new Build Order

HoldTheDoor Protoss - Winner!

Build Orders: 1 Gate Expand 

Get SALT Encoding   

  12  0:00  Probe  
  13  0:12  Probe  
  14  0:19  Pylon  
  14  0:24  Probe  
  15  0:33  Probe  
  15  0:39  Gateway  
  15  0:41  Probe  
  16  0:48  Assimilator  
  17  0:52  Probe  
  18  1:04  Probe  
  19  1:23  Nexus  
  19  1:31  Cybernetics Core  
  19  1:33  Probe  
  20  1:45  Probe  
  21  1:48  Pylon  
  21  1:57  Probe  
  22  2:04  Stalker  
  24  2:09  Probe  
  24  2:14  Warp Gate  
  25  2:20  Gateway  
  25  2:23  Probe  
  26  2:33  Stalker  
  28  2:43  Probe  
  29  2:44  Probe  
  30  2:53  Gateway  
  30  2:56  Probe x2  
  30  2:57  Gateway  
  32  3:02  Pylon  
  32  3:11  Robotics Facility  
  32  3:15  Probe x2  
  34  3:25  Pylon  
  34  3:27  Probe x2  
  36  3:39  Probe  
  37  3:45  Gateway  
  37  3:47  Warp Prism  
  37  3:54  Gateway  
  37  3:56  Gateway  
  39  4:08  Gateway  
  39  4:09  Stalker x2, Pylon  
  43  4:13  Pylon  
  43  4:19  Stalker  
  43  4:22  Zealot  
  47  4:31  Pylon  
  47  4:36  Stalker  
  47  4:37  Zealot  
  51  4:50  Zealot x3  
  51  4:51  Zealot  
  59  5:06  Zealot  
  61  5:07  Zealot x2  
  61  5:08  Zealot  
  67  5:18  Pylon  
  67  5:21  Pylon  
  67  5:26  Zealot x4  
  67  5:27  Zealot x2  
  79  5:44  Stalker x2  
  83  5:55  Zealot x2  
  83  5:56  Zealot x4  
Tags
 
Add a new tag
Caveats
  • Supply blocks, unpowered buildings, or Contaminate may cause inaccurate times.
  • Supply counts are checked every 10 seconds.